 Dungeon Crawl Stone Soup version 0.30-a0-760-g5a9884bb7c (webtiles) character file.

Game seed: 11926330840547361256

19 mopl the Vexing (level 2, -1/15 HPs)
             Began as a Deep Elf Enchanter on Feb 10, 2023.
             Slain by a frilled lizard (3 damage)
             ... on level 1 of the Dungeon.
             The game lasted 00:00:45 (244 turns).

mopl the Vexing (Deep Elf Enchanter)                 Turns: 244, Time: 00:00:45

Health: -1/15      AC:  2    Str:  5    XL:     2   Next: 55%
Magic:  8/8        EV: 12    Int: 19    God:
Gold:   33         SH:  0    Dex: 15    Spells: 5/7 levels left

rFire   . . .      SeeInvis .    a - +1 dagger
rCold   . . .      Faith    .    (no shield)
rNeg    . . .      Spirit   .    b - +0 robe
rPois   .          Reflect  .    (no helmet)
rElec   .          Harm     .    (no cloak)
rCorr   .          Rampage  .    (no gloves)
Will    .....                    (no boots)
Stlth   +++                      (no amulet)
HPRegen 0.22/turn                (no ring)
MPRegen 0.11/turn                (no ring)

@: no status effects
A: no striking features
a: no special abilities


You were on level 1 of the Dungeon.
You visited 1 branch of the dungeon, and saw 1 of its levels.

You collected 33 gold pieces.

Inventory:

Hand Weapons
 a - a +1 dagger (weapon)
Armour
 b - a +0 robe (worn)
Scrolls
 d - a scroll of identify {unknown}
Potions
 c - 2 potions of invisibility
 e - 2 potions of lignification {unknown}


   Skills:
 + Level 1.4 Short Blades
 - Level 2.4 Dodging
 + Level 4.0 Stealth
 + Level 3.4 Spellcasting
 + Level 4.3 Hexes


You had 5 spell levels left.
You knew the following spells:

 Your Spells              Type           Power      Damage    Failure   Level
b - Ensorcelled Hibernat  Hex/Ice        22%        N/A       9%          2

Your spell library contained the following spells:

 Spells                   Type           Power      Damage    Failure   Level
 Confusing Touch          Hex            19%        N/A       8%          3
 Tukima's Dance           Hex            19%        N/A       8%          3
 Dazzling Flash           Conj/Hex       22%        N/A       19%         3


Dungeon Overview and Level Annotations

Branches:
Dungeon (1/15)

Altars:


Message History

You completely miss the endoplasm.
The frilled lizard bites you but does no damage.
The endoplasm closely misses you.
You hit the endoplasm.
The endoplasm is heavily wounded.
The frilled lizard completely misses you.
The endoplasm barely misses you.
You completely miss the endoplasm.
The endoplasm is heavily wounded.
The frilled lizard barely misses you. The endoplasm freezes you.
You are frozen.
The endoplasm hits you but does no damage.
You hit the endoplasm but do no damage.
The endoplasm is heavily wounded.
You hit the endoplasm.
You kill the endoplasm!
The frilled lizard closely misses you. The endoplasm closely misses you.
You hit the endoplasm but do no damage. The frilled lizard bites you.
The endoplasm barely misses you.
You hit the endoplasm.
The endoplasm is lightly wounded.
The frilled lizard bites you but does no damage.
The endoplasm freezes you.
You are frozen.
* * * LOW HITPOINT WARNING * * *
You are too injured to fight recklessly!
You are too injured to fight recklessly!
You are too injured to fight recklessly!
You are too injured to fight recklessly!
You are too injured to fight recklessly!
You are too injured to fight recklessly!
You are too injured to fight recklessly!
You are too injured to fight recklessly!
You are too injured to fight recklessly!
You are too injured to fight recklessly!
The endoplasm attacks as you move away! The endoplasm hits you.
* * * LOW HITPOINT WARNING * * *
The frilled lizard bites you.
You die...

###. #..# #####.( #
#..##...... ## #
#...#...... ...
#.#.#...#
....#.#.##..#
........$..(#
........#...#
.....#.....####
...........)@.#
..........J.l..^...#
...................#
...............###.#
.............##.. .
.............# $..
.$..........# .)#
............ .##


You could see an endoplasm and a frilled lizard.

Vanquished Creatures
  4 bats (D:1)
  An endoplasm (D:1)
  2 giant cockroaches (D:1)
  3 goblins (D:1)
  4 hobgoblins (D:1)
  A ball python (D:1)
15 creatures vanquished.

Notes
Turn   | Place    | Note
-------+----------+-------------------------------------------
     0 | D:1      | mopl the Deep Elf Enchanter began the quest for the Orb.
     0 | D:1      | Reached XP level 1. HP: 10/10 MP: 6/6
    99 | D:1      | Reached XP level 2. HP: 9/15 MP: 8/8
   106 | D:1      | Learned a level 2 spell: Ensorcelled Hibernation
   231 | D:1      | Reached skill level 4 in Stealth
   244 | D:1      | Slain by a frilled lizard

Illustrated notes

Levels and vault maps discovered:
D:1:      sevenhm_arrival_forest_fort_small_6, layout_rooms, serial_shops,
          nicolae_shop_advertising_works [nicolae_subvault_shop_adworks],
          minmay_tetromino_l4

Skill      XL: |  1  2 |
---------------+-------+-----
Stealth        | 4 |  4.0
Short Blades   | |  1.4
Dodging        | |  2.4
Spellcasting   | |  3.4
Hexes          | |  4.3

Action                     || total
---------------------------++-------
  Melee: Dagger            ||    65
         Punch             ||     1
   Cast: Ensorcelled Hiber ||     1
   Stab: Sleeping          ||     1
 Armour: Robe              ||    12
  Dodge: Dodged            ||    40

Table legend: (Time is in decaauts)
 A = Elapsed time spent in this place.
 B = Non-inter-level travel time spent in this place.
 C = Inter-level travel time spent in this place.
 D = Time resting spent in this place.
 E = Time spent auto-exploring this place.
 F = Levels seen in this place.
 G = Mean time per level.
                   A        B        C        D        E       F      G
               +--------+--------+--------+--------+--------+-----+--------+
         Total |    239 |    239 |      0 |     61 |     58 |   1 |  239.0 |
       Dungeon |    239 |    239 |      0 |     61 |     58 |   1 |  239.0 |
               +--------+--------+--------+--------+--------+-----+--------+

Top non-repeatable levels by time:
     D:1: 239 daAuts
